Cogmind - Beta 13 @@@ ROGUE MODE // 2024.07.03 @ 13:44:21 Player: Oozyorphan Result: Destroyed by L-31 Rogue with Katana Performance ------------- Evolutions (2) 1000 Regions Visited (5) 1000 Robots Destroyed (52) 260 Value Destroyed (1618) 1618 Prototype IDs (4) 80 Alien Tech Used (0) 0 Bonus (292) 292 TOTAL SCORE: 4250 Bonus ------- High Alert Combat Kills 196 Follower Combat Kills 112 Friendly Fire -16 Cogmind --------- Core Integrity 0/550 Matter 303/500 Energy 100/100 System Corruption 1% Temperature Cool (0) Movement Core (100) Ox1 Location -8/Materials Parts ------- > --- POWER (2) -------- (None) > --- PROPULSION (4) --- (None) > --- UTILITY (2) ------ High-capacity Matter Pod > --- WEAPON (3) ------- (None) > --- INVENTORY (5) ---- Improved Heat Sink Peak State ------------ > --- POWER ------------ Light Ion Engine Light Nuclear Core > --- PROPULSION ------- Aluminum Leg Aluminum Leg Aluminum Leg Improved Aluminum Leg > --- UTILITY ---------- Small Storage Unit High-capacity Matter Pod > --- WEAPON ----------- Heavy EM Shotgun Particle Gun Improved Grenade Launcher > --- INVENTORY -------- Improved Heat Sink Heavy Assault Rifle [Rating: 20] Favorites ----------- Power Ion Engine Engine Ion Engine Power Core Light Nuclear Core Propulsion Aluminum Leg Leg Aluminum Leg Utility Small Storage Unit Device Heat Sink Storage Small Storage Unit Protection Light Armor Plating Weapon Assault Rifle Energy Gun Spread Laser Ballistic Gun Assault Rifle Launcher Improved Grenade Launcher Build | -11 -10 -10 -9 -9 -8 ------- Run | Yrd Mat Min Mat Sto Mat Slots Evolved 4 | . . . 2 . 2 Power 1 | . . . . . 1 Propulsion 2 | . . . 2 . . Utility . | . . . . . . Weapon 1 | . . . . . 1 Parts Attached 43 | 6 1 . 2 6 28 Power 7 | 1 . . . 1 5 Engine 6 | 1 . . . 1 4 Core 1 | . . . . . 1 Reactor . | . . . . . . Propulsion 13 | 2 . . 2 2 7 Treads . | . . . . . . Leg 13 | 2 . . 2 2 7 Wheel . | . . . . . . Hover . | . . . . . . Flight . | . . . . . . Utility 4 | 1 1 . . 1 1 Device 1 | . 1 . . . . Storage 2 | 1 . . . . 1 Processor . | . . . . . . Hackware . | . . . . . . Protection 1 | . . . . 1 . Artifact . | . . . . . . Weapon 19 | 2 . . . 2 15 Energy Gun 10 | . . . . 2 8 Energy Cannon . | . . . . . . Ballistic Gun 8 | 2 . . . . 6 Ballistic Cannon . | . . . . . . Launcher 1 | . . . . . 1 Special Weapon . | . . . . . . Impact Weapon . | . . . . . . Slashing Weapon . | . . . . . . Piercing Weapon . | . . . . . . Special Melee Weapon . | . . . . . . Unidentified Prototypes 4 | . . . . . 4 Parts Lost 32 | . . . . 3 29 Power 4 | . . . . . 4 Propulsion 12 | . . . . 1 11 Utility 2 | . . . . . 2 Weapon 14 | . . . . 2 12 Highest Loss Streak 14 | . . . . 2 14 To Critical Strikes . | . . . . . . Average Slot Usage (%) 89 | . 90 100 100 98 82 Engine 11 | . 14 14 11 11 11 Core 2 | . . . . . 4 Leg 31 | . 28 28 44 43 25 Device 4 | . 4 14 11 9 . Storage 13 | . 14 14 11 11 14 Protection 1 | . . . . 1 1 Energy Gun 9 | . . . . 4 15 Ballistic Gun 14 | . 28 28 22 16 6 Launcher 1 | . . . . . 2 Naked Turns . | . . . . . . Heaviest Build 30 | 13 14 14 14 17 30 Greatest Support 48 | 20 20 20 40 40 48 Greatest Overweight (x) 5 | 2 . . . . 5 Average Overweight (x) . | . . . . . . Largest Inventory Capacity 8 | 8 8 8 8 8 8 Average Capacity 7 | 6 8 8 8 8 7 Most Carried 6 | 3 6 6 5 5 3 Average Carried 2 | 1 2 6 4 3 1 Final Capacity 8 | 8 8 8 8 8 5 Final Carried 6 | 1 6 6 4 2 1 Class Distribution -------------------- 40% | Mutant 28% | Scavenger-Mutant 18% | Scavenger-Gunner 8% | Scavenger-Tank 4% | Gunner Dominant Class ---------------- Mutant | -10/Materials Mutant | -10/Mines Mutant | -9/Materials Scavenger-Mutant | -9/Storage Scavenger-Gunner | -8/Materials Resources | -11 -10 -10 -9 -9 -8 ----------- Run | Yrd Mat Min Mat Sto Mat Matter Collected 1099 | 115 151 . 23 246 564 Remotely . | . . . . . . Salvage Created 1739 | . 81 . 23 460 1175 Parts 118 | . 5 . 4 37 72 Haulers Intercepted 1 | . . . . . 1 Recyclers Shooed . | . . . . . . Parts Field Recycled . | . . . . . . Retrieved Matter . | . . . . . . Parts Self-Destructed . | . . . . . . Prevented . | . . . . . . Kills | -11 -10 -10 -9 -9 -8 ------- Run | Yrd Mat Min Mat Sto Mat Combat Hostiles Destroyed 41 | . 2 . . 11 28 Guns 31 | . 2 . . 11 18 AOE 10 | . . . . . 10 Classes Destroyed 11 | . 1 . 1 3 6 Worker 1 | . . . . . 1 Builder 4 | . . . . 1 3 Hauler 1 | . . . . . 1 Recycler 2 | . . . . . 2 Mechanic 1 | . . . . . 1 Watcher 2 | . . . 1 1 . Swarmer 9 | . . . . 3 6 Grunt 20 | . 2 . . 4 14 Sentry 10 | . . . . 4 6 Hunter 1 | . . . . . 1 Heavy 1 | . . . . . 1 Best Kill Streak 14 | . 2 . 1 7 14 Combat Bots Only 8 | . 2 . . 6 8 Max Kills in Single Turn 4 | . 1 . 1 1 4 Gunslinging 1 | . . . . . 1 Exploded 2 | . . . . . 2 Melee . | . . . . . . Uniques/NPCs Destroyed . | . . . . . . Combat | -11 -10 -10 -9 -9 -8 -------- Run | Yrd Mat Min Mat Sto Mat Hostile Shots Fired 308 | . 9 . 10 63 226 Missed 86 | . 2 . . 21 63 Damage Taken 3583 | . 78 . 152 540 2813 Core 746 | . 23 . 29 111 583 Absorbed by Shields . | . . . . . . Core Remaining (%) 85 | 100 . 90 . 65 . Volleys Fired 122 | . 8 1 6 42 65 Largest 3 | . 2 2 2 2 3 Hottest 166 | . 40 40 40 96 166 Shots Fired 276 | . 16 2 12 83 163 Gun 262 | . 16 2 12 83 149 Cannon . | . . . . . . Launcher 14 | . . . . . 14 Special . | . . . . . . Kinetic 145 | . 16 2 12 69 46 Thermal 96 | . . . . 14 82 Explosive 14 | . . . . . 14 Electromagnetic 21 | . . . . . 21 Robot Hit Streak 14 | . 4 . 7 9 14 Robot Miss Streak 11 | . 2 . 2 4 11 Penetration Max . | . . . . . . Secondary Targets 6 | . 1 . . 2 3 Max Gunslinging Chain 1 | . 1 . . 1 1 Shots Hit Robots 175 | . 9 . 9 42 115 Core Hits 122 | . 4 . 2 26 90 Critical Kills . | . . . . . . Critical Parts Destroyed . | . . . . . . Critical Strikes 2 | . . . . 1 1 Burn 1 | . . . . . 1 Destroy 1 | . . . . 1 . Melee Attacks . | . . . . . . Impact . | . . . . . . Slashing . | . . . . . . Piercing . | . . . . . . Sneak Attacks . | . . . . . . Combat Hostiles . | . . . . . . Follow-up Attacks . | . . . . . . Damage Inflicted 3508 | . 100 14 88 482 2824 Guns 2480 | . 100 14 88 476 1802 Cannons . | . . . . . . Explosions 1000 | . . . . . 1000 Melee . | . . . . . . Ramming 28 | . . . . 6 22 Kinetic 1314 | . 100 14 88 389 723 Thermal 969 | . . . . 87 882 Explosive 944 | . . . . . 944 Electromagnetic 253 | . . . . . 253 Impact . | . . . . . . Slashing . | . . . . . . Piercing . | . . . . . . Highest Corruption 1 | . 1 1 . . 1 Average Corruption 1 | . 1 1 . . 1 Corruption Purged . | . . . . . . Corruption Blocked . | . . . . . . Effects 4 | . 1 . . . 3 Message Errors 2 | . 1 . . . 1 Energy Discharges 1 | . . . . . 1 Weapon Failures 1 | . . . . . 1 Overload Shots . | . . . . . . Overflow Damage 71 | . . . . . 71 Projectiles . | . . . . . . Explosions 71 | . . . . . 71 Melee . | . . . . . . Knockbacks 1 | . . . . . 1 Impact 1 | . . . . . 1 Kinetic . | . . . . . . Secondary . | . . . . . . Self-Inflicted Damage 18 | . . . . . 18 Shots 2 | . . . . . 2 Rammed . | . . . . . . Targets Rammed 4 | . . . . 1 3 Kicked 4 | . . . . 1 3 Crushed . | . . . . . . Highest Temperature 515 | . 12 . . 172 515 Average Temperature 170 | . 6 . . 75 181 Received Heat Transfer 1251 | . 42 . 45 192 972 Effects 16 | . . . . . 16 Shutdowns 9 | . . . . . 9 Interference 2 | . . . . . 2 Matter Decay 1 | . . . . . 1 Damage (minor) 1 | . . . . . 1 Damage (major) 3 | . . . . . 3 Siege Activations . | . . . . . . Robots Corrupted . | . . . . . . Combat Hostiles . | . . . . . . Parts Fried . | . . . . . . Impact Corruptions . | . . . . . . Robots Melted . | . . . . . . Combat Hostiles . | . . . . . . Parts Melted . | . . . . . . Heat Transferred 1917 | . . . . 211 1706 Parts Sabotaged . | . . . . . . Parts Stolen . | . . . . . . Parts Stripped . | . . . . . . Power Chain Reactions 1 | . . . . . 1 Alert | -11 -10 -10 -9 -9 -8 ------- Run | Yrd Mat Min Mat Sto Mat Peak Influence 809 | . 81 31 84 432 809 Initial 182 | . . 31 11 35 182 Average 264 | . 43 31 34 288 378 Maximum Alert Level 3 | . . . . 2 3 Low Security (%) 40 | 100 100 100 100 20 17 Level 1 35 | . . . . 58 44 Level 2 19 | . . . . 20 28 Level 3 4 | . . . . . 9 Level 4 . | . . . . . . Level 5 . | . . . . . . High Security . | . . . . . . Max Security . | . . . . . . Squads Dispatched 13 | . 3 . . 2 8 Investigation 2 | . 1 . . 1 . Extermination . | . . . . . . Reinforcement 8 | . 2 . . 1 5 Assault . | . . . . . . Garrison 3 | . . . . . 3 Intercept . | . . . . . . Searches Triggered . | . . . . . . Construction Impeded 1 | . . . . . 1 Haulers Reinforced . | . . . . . . Active Scanning Responses . | . . . . . . Cargo Convoy Interrupts . | . . . . . . Stealth | -11 -10 -10 -9 -9 -8 --------- Run | Yrd Mat Min Mat Sto Mat Distress Signals 3 | . . . . . 3 Communications Jammed . | . . . . . . Distress Signals . | . . . . . . Times Spotted 69 | . 6 . 2 20 41 Peak Tracking Total 9 | . 2 . 2 9 6 Tactical Retreats 1 | . . . . . 1 Traps | -11 -10 -10 -9 -9 -8 ------- Run | Yrd Mat Min Mat Sto Mat Traps Triggered 3 | . 1 . . 1 1 Indirectly . | . . . . . . Trap Hack Attempts . | . . . . . . Triggered . | . . . . . . Disarmed . | . . . . . . Reprogrammed . | . . . . . . Reused . | . . . . . . Traps Extracted . | . . . . . . Installed . | . . . . . . Triggered . | . . . . . . Machines | -11 -10 -10 -9 -9 -8 ---------- Run | Yrd Mat Min Mat Sto Mat Machines Disabled 2 | . . . . . 2 Max in Single Turn 1 | . . . . . 1 Machines Repaired . | . . . . . . Machines Dismantled . | . . . . . . Machines Sabotaged . | . . . . . . Overloaded Fab Kills . | . . . . . . Hacking | -11 -10 -10 -9 -9 -8 --------- Run | Yrd Mat Min Mat Sto Mat Machines Accessed . | . . . . . . Terminals . | . . . . . . Fabricators . | . . . . . . Repair Stations . | . . . . . . Recycling Units . | . . . . . . Scanalyzers . | . . . . . . Garrison Access . | . . . . . . Total Hacks . | . . . . . . Successful . | . . . . . . Failed . | . . . . . . Catastrophic . | . . . . . . Database Lockouts . | . . . . . . Manual . | . . . . . . Terminals . | . . . . . . Fabricators . | . . . . . . Repair Stations . | . . . . . . Recycling Units . | . . . . . . Scanalyzers . | . . . . . . Garrison Access . | . . . . . . Terminal Hacks . | . . . . . . Fabricator Hacks . | . . . . . . Repair Station Hacks . | . . . . . . Recycling Unit Hacks . | . . . . . . Scanalyzer . | . . . . . . Garrison Access Hacks . | . . . . . . Unauthorized Hacks . | . . . . . . Terminals . | . . . . . . Fabricators . | . . . . . . Repair Stations . | . . . . . . Recycling Units . | . . . . . . Scanalyzers . | . . . . . . Garrison Access . | . . . . . . Data Cores Recovered . | . . . . . . Used . | . . . . . . Hacking Detections . | . . . . . . Full Trace Events . | . . . . . . Feedback Events . | . . . . . . Feedback Blocked . | . . . . . . Robot Schematics Acquired . | . . . . . . Robots Built . | . . . . . . Authchips . | . . . . . . Time . | . . . . . . Total Robot Build Rating . | . . . . . . Part Schematics Acquired . | . . . . . . Parts Built . | . . . . . . Authchips . | . . . . . . Time . | . . . . . . Total Part Build Rating . | . . . . . . Parts Repaired . | . . . . . . Time . | . . . . . . Parts Recycled . | . . . . . . Recycled Matter . | . . . . . . Retrieved Matter . | . . . . . . Retrieved Components . | . . . . . . Parts Scanalyzed . | . . . . . . Part Schematics Acquired . | . . . . . . Parts Damaged . | . . . . . . Bothacking | -11 -10 -10 -9 -9 -8 ------------ Run | Yrd Mat Min Mat Sto Mat Used RIF Installer . | . . . . . . Robots Hacked . | . . . . . . Non-combat . | . . . . . . Combat . | . . . . . . Robot Hacks Applied . | . . . . . . Relay Couplers Released . | . . . . . . Fabnet Peak Effective % . | . . . . . . Robots Rewired . | . . . . . . Allies Hacked . | . . . . . . Hacks Repelled . | . . . . . . Allies | -11 -10 -10 -9 -9 -8 -------- Run | Yrd Mat Min Mat Sto Mat Total Allies 3 | . . 3 . . . Largest Group 3 | . . 3 3 3 . Highest-Rated Group 40 | . . 40 40 40 . Highest-Rated Ally 16 | . . 16 16 16 . Total Orders . | . . . . . . Ally Attacks 29 | . . . 10 19 . Total Damage 342 | . . . 96 246 . Kills 6 | . . . 1 5 . Allies Corrupted . | . . . . . . Allies Melted . | . . . . . . Intel | -11 -10 -10 -9 -9 -8 ------- Run | Yrd Mat Min Mat Sto Mat Robot Analysis Total . | . . . . . . Derelict Logs Recovered 1 | . . 1 . . . Drone Launches . | . . . . . . Drone Recoveries . | . . . . . . Exploration | -11 -10 -10 -9 -9 -8 ------------- Run | Yrd Mat Min Mat Sto Mat Turns Passed 1623 | 45 231 90 74 373 810 Spaces Moved 925 | 28 168 71 47 202 409 Core 14 | 11 . . . . 3 Treads . | . . . . . . Legs 911 | 17 168 71 47 202 406 Wheels . | . . . . . . Hover . | . . . . . . Flight . | . . . . . . Fastest Speed 50 | 50 120 120 120 120 120 Average Speed 126 | 117 120 120 120 120 133 Slowest Speed 300 | 150 120 120 120 120 300 Overloaded Moves . | . . . . . . Propulsion Burnouts . | . . . . . . Robots Hopped . | . . . . . . Cave-ins Triggered . | . . . . . . Exploration Rate (%) 24 | 4 28 27 8 39 41 Regions Visited 5 Branch Regions 2 Pre-discovered Areas . | . . . . . . Known Exits Taken . | . . . . . . Unknown Exits Taken 5 | 1 1 1 1 1 . Scrap Searched . | . . . . . . Spaces Dug . | . . . . . . Terrain Destroyed 121 | . . . . . 121 Melee . | . . . . . . Projectile . | . . . . . . AOE 121 | . . . . . 121 Terrain Rammed . | . . . . . . Walls Destroyed . | . . . . . . Machines Disabled . | . . . . . . Actions | -11 -10 -10 -9 -9 -8 --------- Run | Yrd Mat Min Mat Sto Mat Total 1149 | 40 183 74 54 257 541 Wait 6 | . 1 3 . . 2 Move 920 | 27 167 70 46 201 409 Hop . | . . . . . . Pick Up 43 | 7 6 . . 4 26 Fast Attach . | . . . . . . Attach 44 | 6 1 . 2 6 29 Detach 2 | . . . . . 2 Swap . | . . . . . . Drop 8 | . . . . 3 5 Fire 122 | . 8 1 6 42 65 Melee . | . . . . . . Ram . | . . . . . . Kick 4 | . . . . 1 3 Crush . | . . . . . . Escape Stasis . | . . . . . . Rewire . | . . . . . . Trap . | . . . . . . Miscellaneous . | . . . . . . Route ------- -11/Scrapyard -10/Materials -10/Mines (discovered 2 exits: [*Mat x2]) -9/Materials -9/Storage -8/Materials History --------- Turn | Location | Event 15 | -11/Scrapyard | Discovered new exit (range 15) 46 | -11/Scrapyard | Entered Materials 201 | -10/Materials | Met 8R-AWN 259 | -10/Materials | Discovered new exit (range 16) 277 | -10/Materials | Entered Mines 279 | -10/Mines | Followed 8R-AWN into the Mines 287 | -10/Mines | Learned Materials interactive machine intel 309 | -10/Mines | Build established: Mutant 310 | -10/Mines | Assembled infested the area 315 | -10/Mines | Assisted by a Guerilla fighting off Assembled 320 | -10/Mines | Discovered new exit (range 9) 352 | -10/Mines | Discovered new exit (range 11) 362 | -10/Mines | Assisted by bots powering up and referring to "LRC-V3" 367 | -10/Mines | Entered Materials 367 | -9/Materials | Accompanied by 3 allies 367 | -9/Materials | Evolved 2 slots: Propulsion x2 368 | -9/Materials | Loaded intel: 17 interactive machine locations 415 | -9/Materials | Discovered new exit (range 11) 441 | -9/Materials | Entered Storage 441 | -9/Storage | Accompanied by 3 allies 558 | -9/Storage | Lost 3 allies 788 | -9/Storage | Discovered new exit (range 12) 814 | -9/Storage | Entered Materials 814 | -8/Materials | Evolved 2 slots: Power x1, Weapon x1 1004 | -8/Materials | Lost 5 parts (3n1u1w) 1293 | -8/Materials | Lost 5 parts (2n3w) 1438 | -8/Materials | Core integrity fell below 50% 1595 | -8/Materials | Destroyed 8 combat bots 1604 | -8/Materials | Core integrity fell below 20% 1624 | -8/Materials | Destroyed by L-31 Rogue with Katana Last Messages --------------- U-05 Engineer lays Concrete. U-05 Engineer builds a Wall. U-05 Engineer lays Concrete. Critical hit (Burn: +37). U-05 Engineer builds a Wall. Critical hit (Burn: +37). Carbon-fiber Leg destroyed. U-05 Engineer builds a Wall. Imp. Ion Engine destroyed. U-05 Engineer lays Concrete. Beam Rifle severed. U-05 Engineer lays Concrete. O-24 Administrator destroyed. R-06 Scavenger collects Wheel. Assault Rifle destroyed. Hvy. Assault Rifle destroyed. U-05 Engineer lays Concrete. Sml. Storage Unit destroyed. U-05 Engineer lays Concrete. R-06 Scavenger collects Heat Sink. Map ----- +----------------------------------------------------+ | ???????????????????????????????? #?????????????? | | ???????????????????????????????? #?????????????? | | ???????????????????????????????? #?????????????? | | ???????????????????????????????? #?????????????? | | ???????????????????????????????? #?????????????? | | ?????????????????? ???????????# #?#???????????? | | ??????????????? ?? ??????????# #? ??# ??????? | | ???????????????"" " "??????????# #? # ??????? | | ????????????? """ "R" ?????????# # # ??????? | | ????????????? """ """ ?????????# # # ??????? | | ?????????????? ##???????# # # ??????? | | ???????????###/## ##??####% # # ??????? | | ??????????## " * # "#### # # ??????? | | ? ?????? % %% ## ## + # ####### | | ? ???? % # # # """ " | | ? ????? % [=[ r # # # """ " | | ? ??????# #####!%g # # # """ " | | # #???????## ?#""" u # # # | | # #????????##?????#"G% = ####### # | | # #???????????????#"""!!| #! | | # #???????????????####Y!w # ! | | # #????????????????# # /!############## + | | # #????????????????### =g# #???# ####### | | # ##?????????????????# [*# """ #???# # | | #?????????????????# l # """ #???# # [] | | #######???????????# @ # """ #???# # [] | | T ?##+??????# # #???# + [ | | #????????? ???? # #???# # | | #?????????? ?? + ""T"" #???# # | | ##[#####????????? ? #? """"" #???# # "Y" | | %* #??????####+#########?? #???# # """ | | [ %* #??????? #???############### # | | " " #?????? """ #???# # ####### | | """ [!!#?????? """ #???# # ## | | """ [! #?????# """ ##### # ##/ """ | | """ ! #?????# / / # ## """ | | #?????# """ ##### ! + ## """ | | #?????# """ #???# # ## | | #?????? """ #??##+##+########## ## | | ##+#######????? ##?## ######### ##+### | | ! / # ################## % # | | + [ % # | | """ # #########+#############+####### ##+### | | """ !#####????? #??## #?###### | | """ #???????# #???# ! #??????# | | #???????# "T" #???# #??????# = | | ######???????#! """ #???# #??????# | | ?????????????###########???###########??????###### | | | | | +----------------------------------------------------+ Best States ------------- Heat Dissipation 38 Energy Generation 19 Energy Capacity 400 Matter Stores 475 Matter Capacity 500 Sight Range 16 Terrain Scan Density 10 Armor Coverage 150 Evasion (%) 55 Item Schematics ----------------- None Robot Schematics ------------------ None Fabricated ------------ Nothing Alien Tech Used ----------------- None Achievements -------------- None Challenges ------------ None Game ------ Seed DynamicSuperchargedSpear Manual? 0 Play Time 00:18:51 Cumulative 3.5 hours Start 2024.07.03 @ 12:27:01 End 2024.07.03 @ 13:44:21 Sessions 1 Manual Loads 0 Difficulty Rogue Special Mode None Game No. 11 Rogue 11 Adventurer 0 Explorer 0 Win Type - Total 0 Types 0/0/0/0/0/0/0/0/0 Lore% 1 Gallery% 13 Achievement% 10 Wizard Run 0 Options --------- Layout 1 ASCII 0 Keyboard 0 Movement Mouse Keybinds 0 Fullscreen 1 Font 32/SmallcapsGlow Map View 50x35 Zoom Use 0% Tactical HUD 0 Map Filters NONE Filters NONE Steam 1 RUN: dc64513d-92e7-4497-a33e-34aa4d947a75